 Dungeon Crawl Stone Soup version 0.28.0-47-ge53b351184 (webtiles) character file.

Game seed: 13227253080729080117

552 GigaChad the Shield-Bearer (level 7, -3/61 HPs)
             Began as a Minotaur Fighter on May 5, 2022.
             Was a Believer of Qazlal.
             Slain by a yak (12 damage)
             ... on level 4 of the Dungeon.
             The game lasted 00:08:50 (4922 turns).

GigaChad the Shield-Bearer (Minotaur Fighter)       Turns: 4922, Time: 00:08:51

Health: -3/61      AC:  9    Str: 20    XL:     7   Next: 8%
Magic:  6/6        EV:  6    Int:  5    God:    Qazlal [**....]
Gold:   174        SH: 13    Dex: 12    Spells: 6/6 levels left

rFire   . . .      SeeInvis .   a - +1 long sword (flame)
rCold   . . .      Faith    .   h - +0 kite shield
rNeg    . . .      Spirit   .   k - +0 chain mail
rPois   .          Reflect  .   (helmet restricted)
rElec   .          Harm     .   (no cloak)
rCorr   .          Rampage  .   (no gloves)
Will    .....                   (no boots)
Stlth   ..........              (no amulet)
HPRegen 0.20/turn               (no ring)
MPRegen 0.10/turn               (no ring)

@: no status effects
A: horns 2, retaliatory headbutt
a: Renounce Religion, Upheaval


You were on level 4 of the Dungeon.
You worshipped Qazlal.
Qazlal was pleased with you.
You visited 1 branch of the dungeon, and saw 4 of its levels.

You collected 174 gold pieces.

Inventory:

Hand Weapons
 a - a +1 long sword of flaming (weapon)
 j - a +0 scythe
 s - a +1 vorpal morningstar
 t - a +1 dagger of venom
 x - a +1 antimagic short sword
Armour
 b - a +0 scale mail
 c - a +0 buckler
 h - a +0 kite shield (worn)
 k - a +0 chain mail (worn)
 m - a +2 robe of willpower
Magical Staves
 g - a staff of fire
Wands
 w - a wand of polymorph (6)
Scrolls
 o - a scroll of holy word {unknown}
 p - a scroll of amnesia
 q - a scroll of fog
 r - 2 scrolls of blinking
 v - 5 scrolls of identify {unknown}
Potions
 d - 3 potions of might
 e - 2 potions of heal wounds {unknown}
 f - a potion of flight {unknown}
 i - 3 potions of lignification {unknown}
 l - a potion of brilliance {unknown}
 n - 2 potions of ambrosia {unknown}
 u - 2 potions of haste {unknown}
 z - a potion of attraction {unknown}


   Skills:
 + Level 5.0 Fighting
 + Level 5.2 Long Blades
 + Level 5.4 Armour
 + Level 1.5 Dodging
 + Level 0.1 Stealth
 + Level 6.2 Shields


You had 6 spell levels left.
You didn't know any spells.
Your spell library contained the following spells:

 Spells                   Type           Power      Damage    Failure   Level
 Magic Dart               Conj           0%         1d3       100%        1
 Call Imp                 Summ           0%         N/A       100%        2
 Mephitic Cloud           Conj/Pois/Air  0%         N/A       100%        3


Dungeon Overview and Level Annotations

Branches:
Dungeon (4/15)
 Temple: D:4-7

Altars:
Qazlal


Innate Abilities, Weirdness & Mutations

You have a pair of horns on your head.
You reflexively headbutt those who attack you in melee.


Message History

A yak comes into view.
The yak gores you but does no damage.
A yak comes into view.
The yak is engulfed in blazing flames.
The yak is engulfed in freezing vapours.
You barely miss the yak.
The yak is lightly wounded.
You block the yak's attack. The yak closely misses you.
You furiously retaliate!
You headbutt the yak! You hit the yak. You burn the yak.
Your headbutt misses the yak.
The yak is lightly wounded.
The yak gores you! The yak gores you but does no damage.
You block the yak's attack.
You hit the yak but do no damage. You headbutt the yak!
The yak is heavily wounded.
You block the yak's attack. The yak gores you!
You block the yak's attack. x2; The yak gores you.
You hit the yak. You burn the yak. You headbutt the yak, but do no damage.
The yak is lightly wounded.
The yak gores you! The yak barely misses you. You block the yak's attack. x2
You closely miss the yak.
The yak is lightly wounded.
The yak gores you.
The yak gores you but does no damage. x2
The yak closely misses you. You furiously retaliate!
You headbutt the yak! You block the yak's attack. x2
You hit the yak. You burn the yak.
The yak is heavily wounded.
You block the yak's attack. The yak gores you!
* * * LOW HITPOINT WARNING * * *
The yak completely misses you. You block the yak's attack.
The yak gores you but does no damage. The yak barely misses you.
You hit the yak. You burn the yak. You headbutt the yak, but do no damage.
The yak is severely wounded.
The yak gores you.
* * * LOW HITPOINT WARNING * * *
You block the yak's attack. x2; The yak closely misses you.
You hit the yak. You burn the yak.
The yak is almost dead.
You block the yak's attack. The yak gores you!
You die...

#.# #.# #.#
#.# #.# #.#
#.# #.. #.#
#.# .. #># #
..
#Y########.#
..
#.@YY......#
..
#.YY....####
.. #.####.##
.. #.#
#.##########..
#.#
#.............
#.#
########.##.##
#.# #.##.# #.#
####.##.## #.#
[.........


You could see 5 yaks.

Vanquished Creatures
  Sigmund (D:3)
  A scorpion (D:4)
  A hound (D:4)
  2 iguanas (D:4)
  A centaur skeleton (D:4)
  A howler monkey skeleton (D:4)
  3 gnolls (D:3)
  10 adders
  An adder skeleton (D:4)
  3 dart slugs
  7 orcs
  3 ball pythons
  9 bats
  6 endoplasms
  6 giant cockroaches
  7 goblins
  4 hobgoblins
  6 jackals (D:2)
  2 quokkas (D:1)
  4 frilled lizards
  4 kobolds
  3 rats
85 creatures vanquished.

Notes
Turn   | Place    | Note
-------+----------+-------------------------------------------
     0 | D:1      | GigaChad the Minotaur Fighter began the quest for the Orb.
     0 | D:1      | Reached XP level 1. HP: 19/19 MP: 0/0
   188 | D:1      | Reached XP level 2. HP: 26/27 MP: 1/1
   220 | D:1      | Reached skill level 4 in Shields
   248 | D:1      | Found a faded altar of an unknown god.
   255 | D:1      | Prayed at the altar of an unknown god.
   255 | D:1      | Became a worshipper of Qazlal Stormbringer
   255 | D:1      | Reached * piety under Qazlal
  1273 | D:2      | Reached XP level 3. HP: 33/33 MP: 2/2
  2221 | D:2      | Reached XP level 4. HP: 35/41 MP: 3/3
  2353 | D:3      | Reached ** piety under Qazlal
  2356 | D:3      | Noticed Sigmund
  2366 | D:3      | Killed Sigmund
  2367 | D:3      | Reached skill level 1 in Dodging
  2367 | D:3      | Reached skill level 5 in Shields
  2367 | D:3      | Reached XP level 5. HP: 31/47 MP: 4/4
  2427 | D:3      | Reached XP level 6. HP: 43/53 MP: 5/5
  2572 | D:3      | Reached skill level 5 in Armour
  3610 | D:4      | Reached skill level 6 in Shields
  4262 | D:4      | Reached skill level 5 in Long Blades
  4471 | D:4      | Reached skill level 5 in Fighting
  4471 | D:4      | Reached XP level 7. HP: 47/61 MP: 6/6
  4902 | D:4      | Noticed a yak
  4904 | D:4      | Noticed a yak
  4906 | D:4      | Noticed a yak
  4907 | D:4      | Noticed a yak
  4909 | D:4      | Noticed a yak
  4922 | D:4      | Slain by a yak

Illustrated notes

Levels and vault maps discovered:
D:1:      dpeg_chamrin_arrival_tetris, layout_rooms,
          ebering_ecumenical_altar_petrified, moated_statue
D:2:      layout_basic, minmay_strange_pillars, grunt_ministairs_15
D:3:      layout_rooms, uniq_sigmund
D:4:      layout_loops_ring

Skill      XL: |  1  2  3  4  5  6 |
---------------+-------------------+-----
Shields        | 4 5 6 |  6.2
Fighting       | 4 5 |  5.0
Armour         | 4 5 |  5.4
Long Blades    | 3 4 5 |  5.2
Dodging        | 1 |  1.5
Stealth        | |  0.1

Action                   |  1- 3 |  4- 6 |  7- 9 || total
-------------------------+-------+-------+-------++-------
Melee: Long sword        |    74 |   108 |     9 ||   191
       Headbutt          |     7 |    14 |     4 ||    25
  Use: Scroll            |     4 |     3 |       ||     7
Armor: Scale mail        |    41 |       |       ||    41
       Chain mail        |    17 |    84 |     6 ||   107
Dodge: Dodged            |    62 |    45 |     6 ||   113
Block: Buckler           |     5 |       |       ||     5
       Kite shield       |    72 |   110 |    15 ||   197
